 Dungeon Crawl Stone Soup version 0.30-a0-967-g9b59a09336 (webtiles) character file.

Game seed: 8894221707440678241

27964 112233 the Thaumaturge (level 13, -7/101 HPs)
             Began as a Demonspawn Necromancer on Mar 31, 2023.
             Was an Initiate of Gozag.
             Mangled by an ice devil (20 damage)
             ... on level 1 of the Lair of Beasts.
             The game lasted 00:26:10 (20301 turns).

112233 the Thaumaturge (Demonspawn Necromancer)    Turns: 20301, Time: 00:26:10

Health: -7/101     AC:  6    Str:  4    XL:     13   Next: 7%
Magic:  33/39      EV: 18    Int: 31    God:    Gozag
Gold:   1066       SH:  0    Dex: 18    Spells: 20/37 levels left

rFire   . . .      SeeInvis .    G - +9 demon blade (drain)
rCold   . . .      Faith    .    (no shield)
rNeg    . . .      Spirit   .    a - +0 robe
rPois   +          Reflect  .    b - +3 hat of Pondering {ponderous, Will+ MP+10 Int+5}
rElec   .          Rampage  .    Q - scarf "Jonocuto" {repulsion, rPois rCorr Str-5 Dex+3}
rCorr   +                        (gloves unavailable)
Will    +....                    T - +0 pair of boots
Stlth   +++                      A - amulet of regeneration
HPRegen 0.36/turn                s - +4 ring of slaying
MPRegen 0.26/turn                u - +6 ring of intelligence

@: very slightly contaminated, repel missiles, slow
A: claws 3, hooves 2, ignite blood 2, demonic magic 1, weakness stinger 2
a: Renounce Religion, Potion Petition, Call Merchant, Bribe Branch


You were on level 1 of the Lair of Beasts.
You worshipped Gozag.
Gozag was most pleased with you.
You visited 4 branches of the dungeon, and saw 15 of its levels.
You also visited: Bailey.

You collected 4059 gold pieces.
You spent 2923 gold pieces at shops.
You paid 70 gold pieces to Gozag.

Inventory:

Hand Weapons
 e - a +0 short sword of venom
 C - a +2 dagger of pain
 G - a +9 demon blade of draining (weapon)
Armour
 a - a +0 robe (worn)
 b - the +3 hat of Pondering (worn) {ponderous, Will+ MP+10 Int+5}
   (You took it off Gastronok on level 8 of the Dungeon)

   Int:       It affects your intelligence (+5).
   MP:        It affects your magic capacity (+10).
   Will:      It increases your willpower.
 Q - the scarf "Jonocuto" (worn) {repulsion, rPois rCorr Str-5 Dex+3}
   (You acquired it in a bailey)

   Str:       It affects your strength (-5).
   Dex:       It affects your dexterity (+3).
   rPois:     It protects you from poison.
   rCorr:     It protects you from acid and corrosion.
 T - a +0 pair of boots (worn)
Magical Staves
 P - a staff of conjuration
Jewellery
 k - a ring of poison resistance
 m - a ring of wizardry
 q - a ring of positive energy
 s - a +4 ring of slaying (left claw)
 u - a +6 ring of intelligence (right claw)
 w - a +5 ring of evasion
 x - a +6 ring of dexterity
 A - an amulet of regeneration (around neck)
 D - an amulet of magic regeneration
 U - a ring of wizardry
Wands
 f - a wand of iceblast (14)
 r - a wand of flame (18)
 F - a wand of charming (14)
 R - a wand of mindburst (17)
Scrolls
 c - 12 scrolls of teleportation
 d - 5 scrolls of immolation
 h - 3 scrolls of silence
 i - a scroll of vulnerability
 j - 4 scrolls of blinking
 n - a scroll of poison
 p - 2 scrolls of fog
 y - 4 scrolls of magic mapping
 B - a scroll of amnesia
 H - 7 scrolls of enchant armour
 J - 2 scrolls of summoning
Potions
 l - 14 potions of curing
 o - 6 potions of mutation
 t - 4 potions of degeneration
 v - 3 potions of cancellation
 z - 4 potions of might
 E - 3 potions of attraction
 I - a potion of lignification
 K - 4 potions of heal wounds
 L - 3 potions of haste
 M - a potion of resistance {unknown}
 N - 2 potions of invisibility
 O - 2 potions of magic
 S - 2 potions of brilliance
Miscellaneous
 g - a phantom mirror (inert)


   Skills:
 + Level 9.3 Fighting
 + Level 9.4 Dodging
 - Level 3.8 Stealth
 * Level 12.7 Spellcasting
 + Level 6.3 Summonings
 - Level 10.9 Necromancy


You had 20 spell levels left.
You knew the following spells:

 Your Spells              Type           Power      Damage    Failure   Level
a - Necrotise             Necr           100%       1d9       1%          1
b - Vampiric Draining     Necr           73%        2d11      1%          3
c - Agony                 Necr           73%        N/A       1%          5
d - Stone Arrow           Conj/Erth      38%        3d9       8%          3
e - Summon Forest         Summ/Tloc      19%        N/A       19%         5

Your spell library contained the following spells:

 Spells                   Type           Power      Damage    Failure   Level
 Freeze                   Ice            76%        1d8       2%          1
 Sandblast                Erth           38%        2d10      2%          1
 Passwall                 Tmut/Erth      15%        N/A       3%          2
 Frozen Ramparts          Ice            38%        1d6       8%          3
 Hailstorm                Conj/Ice       19%        3d6       8%          3
 Summon Hydra             Summ           28%        N/A       83%         7
 Eringya's Noxious Bog    Tmut/Pois      9%         N/A       98%         6
 Malign Gateway           Summ/Tloc      19%        N/A       99%         7
 Summon Horrible Things   Summ           28%        N/A       100%        8
 Animate Dead             Necr           Unusable   N/A       N/A         4

Dungeon Overview and Level Annotations

Branches:
Dungeon (11/15)            Temple (1/1) D:5            Lair (1/5) D:8
    Orc (2/2) D:9             Elf (0/3) Orc:2        Bailey (visited)

Altars:
Ashenzari
Cheibriados
Dithmenos
Fedhas
Gozag
Hepliaklqana
Kikubaaqudgha
Makhleb
Nemelex Xobeh
Okawaru
Qazlal
Ru
Sif Muna
Trog
Uskayaw
Vehumet
Wu Jian
Xom
Yredelemnul

Shops:
D:3 !   D:5 !   D:6 ?(   D:7 [   D:8 (   Orc:2 *[=(

Portals:
Ice
Cave: Lair:1

Annotations:
D:2 1 runed translucent door, Crazy Yiuf
D:4 2 transporters, sevenfields's ghost, amateur DjFE
D:7 exclusion: statue
D:11 1 runed translucent door, What's ghost, journeyman DsGl


Innate Abilities, Weirdness & Mutations

You have claws for hands.
You have hoof-like feet.
Your demonic aura often causes spilled blood to erupt in flames.
Spells you cast may paralyse adjacent enemies.
You have a tail ending in a sharp stinger.


Message History

You hit the ice devil but do no damage. The ice devil hits you.
The ice devil freezes you!
You closely miss the ice devil. The ice devil barely misses you. x2
You barely miss the ice devil. The ice devil hits you.
The ice devil freezes you!!
You closely miss the ice devil. The ice devil misses you.
Unknown command.
Casting: Vampiric Draining (safe; 1% risk of failure)
Confirm with . or Enter, or press ? or * to list all spells.
You can't see any susceptible monsters within range! (Use Z to cast anyway.) Unknown command.
Unknown command.
There is an open door here.
Unknown command.
Okay, then.
Casting: Vampiric Draining (safe; 1% risk of failure)
Confirm with . or Enter, or press ? or * to list all spells.
Aiming: Stone Arrow (mildly dangerous; 8% risk of failure)
Press: ? - help, Shift-Dir - straight line, f - ice devil
Aim: an ice devil (68% to hit)
The stone arrow hits the ice devil!
The ice devil is moderately wounded.
Malevolent energies surge around you. The ice devil hits you.
The ice devil freezes you!
Unknown command.
Casting: Stone Arrow (mildly dangerous; 8% risk of failure)
Confirm with . or Enter, or press ? or * to list all spells.
Aiming: Stone Arrow (mildly dangerous; 8% risk of failure)
Press: ? - help, Shift-Dir - straight line, f/p - ice devil
Aim: an ice devil (moderately wounded, 68% to hit)
You miscast Stone Arrow.
You are very lightly contaminated with residual magic.
You are hit by flying rocks.
The ice devil hits you. The ice devil freezes you!!
* * * LOW HITPOINT WARNING * * *
The ice devil attacks as you move away! The ice devil hits you.
* * * LOW HITPOINT WARNING * * *
The ice devil freezes you!!
You die...
Your body crumbles into a pile of gold.

,*,*,**,*,,**#...###P##.##.##....
**,*****,,,,**#..................
*,,** **#.,** #.###.##.####......
*,,,***,#..####...........#......
,,,,,,,,........#.####.#..#......
**,,,,,,........### ######.##.##
**,$,,**#######.# *******+.####
*,,,,,,* #.###*,,,,**#.#*
**,,,,** ***#.@°#*,,,,**+..*
*,,,,******,#P.#4.....∩#*#.#***
*,,,,,,,,,.....+.##....#*#.#*,**
*,,,,,,,.......###*,...#*...,,,,
**,,,,,,........# ***###*...,,,,
,,,,,,,,........#*********,,,,,,,
,,,,,,,,.........,,,,,,,,,,,,,,,,
,,,,,,,,.........,,,,,,,,,,,,,,,,
*********,**,***,**,*************


You could see an ice devil.

Vanquished Creatures
  Gastronok (D:8)
  2 orc warlords (Orc:2)
  An ettin (Orc:2)
  2 two-headed ogres
  A boulder beetle (D:11)
  2 orc high priests
  3 orc knights
  An ugly thing (D:11)
  5 orc sorcerers
  6 elephants (Lair:1)
  2 unseen horrors (D:11)
  2 cane toads (Lair:1)
  A kobold demonologist (D:10)
  A rime drake (Lair:1)
  8 trolls
  A wyvern (D:9)
  A shadow (D:9)
  14 yaks
  6 wargs
  7 water moccasins
  2 sky beasts
  51 orc warriors
  4 black bears
  2 centaurs
  8 ogres
  A gnoll sergeant (D:7)
  6 bullfrogs
  4 scorpions
  8 wights
  10 howler monkeys
  A jelly (D:6)
  2 hounds
  15 orc priests
  2 sleepcaps
  Jessica (D:2)
  Ijyb (D:3)
  4 iguanas
  18 orc wizards
  Natasha (twice) (D:2)
  Robin (D:1)
  3 adders
  8 gnolls
  3 shadow imps (D:6)
  3 ufetubi
  2 worms (D:2)
  3 dart slugs (D:4)
  110 orcs
  6 bats
  4 endoplasms
  3 giant cockroaches
  23 goblins
  5 hobgoblins
  12 kobolds
  3 quokkas
  3 ball pythons
  6 frilled lizards
  2 rats (D:1)
409 creatures vanquished.

Vanquished Creatures (collateral kills)
  An orc priest (Orc:1)
  A rat (D:2)
2 creatures vanquished.

Vanquished Creatures (others)
  2 orcs (Orc:2)
  25 fungi
  9 plants
  3 toadstools (D:8)
39 creatures vanquished.

Grand Total: 450 creatures vanquished

Notes
Turn   | Place    | Note
-------+----------+-------------------------------------------
     0 | D:1      | 112233 the Demonspawn Necromancer began the quest for the
                  | Orb.
     0 | D:1      | Reached XP level 1. HP: 13/13 MP: 3/3
   193 | D:1      | Discovered your monstrous ancestry.
   193 | D:1      | Gained mutation: You have sharp fingernails. [demonic
                  | ancestry]
   193 | D:1      | Reached XP level 2. HP: 19/19 MP: 5/5
   666 | D:2      | Identified the +0 helmet of Baleful Beauty {Str+4 Int+5
                  | Dex-2}
   666 | D:2      | Noticed Robin
   678 | D:1      | Killed Robin
   848 | D:2      | You fall into a shaft and drop 1 floor!
   854 | D:3      | Gained mutation: You have very sharp fingernails. [demonic
                  | ancestry]
   854 | D:3      | Reached XP level 3. HP: 24/24 MP: 4/6
  1240 | D:2      | Noticed Jessica
  1489 | D:2      | Found a runed translucent door.
  1490 | D:2      | Noticed Crazy Yiuf
  1680 | D:2      | Gained mutation: You have large cloven feet. [demonic
                  | ancestry]
  1680 | D:2      | Reached XP level 4. HP: 20/30 MP: 0/7
  1934 | D:2      | Killed Jessica
  1935 | D:2      | Reached skill level 5 in Necromancy
  2042 | D:2      | Noticed Natasha
  2050 | D:2      | Killed Natasha
  2147 | D:2      | Noticed Natasha
  2153 | D:2      | Killed Natasha
  2154 | D:2      | Reached skill level 3 in Spellcasting
  2154 | D:2      | Gained mutation: You have a small tail. [demonic ancestry]
  2154 | D:2      | Reached XP level 5. HP: 35/35 MP: 7/9
  2342 | D:3      | Noticed Ijyb
  2355 | D:3      | Killed Ijyb
  2422 | D:3      | Found Buth's Distillery.
  2754 | D:4      | Found a transporter.
  2760 | D:4      | Noticed sevenfields's ghost (amateur DjFE)
  3081 | D:4      | Learned a level 3 spell: Vampiric Draining
  3286 | D:4      | Found a transporter.
  3367 | D:4      | Gained mutation: Spells you cast may paralyse adjacent
                  | enemies. [demonic ancestry]
  3367 | D:4      | Reached XP level 6. HP: 35/41 MP: 0/11
  3655 | D:4      | Learned a level 5 spell: Agony
  3923 | D:5      | Entered Level 5 of the Dungeon
  4077 | D:5      | Reached XP level 7. HP: 47/47 MP: 8/12
  4125 | D:5      | Reached skill level 4 in Spellcasting
  4426 | D:4      | Reached skill level 1 in Fighting
  4532 | D:5      | Found Ohorel's Distillery.
  4928 | D:5      | Found a staircase to the Ecumenical Temple.
  5019 | Temple   | Entered the Ecumenical Temple
  5227 | Temple   | Became a worshipper of Gozag Ym Sagoz the Greedy
  5294 | D:5      | Bought a potion of heal wounds for 65 gold pieces
  5294 | D:5      | Bought a potion of curing for 39 gold pieces
  5556 | D:5      | Reached skill level 5 in Spellcasting
  5758 | D:7      | Gained mutation: Your demonic aura sometimes causes spilled
                  | blood to erupt in flames. [demonic ancestry]
  5758 | D:7      | Reached XP level 8. HP: 56/56 MP: 8/15
  5816 | D:7      | Found a radiant altar of Vehumet.
  6101 | D:6      | Found Jakumin's Magic Scroll Shop.
  6108 | D:6      | Bought 2 scrolls of teleportation for 84 gold pieces
  6686 | D:7      | Reached skill level 6 in Spellcasting
  6897 | D:6      | Learned a level 3 spell: Stone Arrow
  6952 | D:6      | Found Wopnoblou's Antique Weapon Shoppe.
  7081 | D:6      | Reached skill level 5 in Dodging
  7569 | D:7      | Reached XP level 9. HP: 26/63 MP: 1/19
  8168 | D:7      | Reached skill level 7 in Spellcasting
  8574 | D:7      | Found Hiliyson's Antique Armour Emporium.
  8579 | D:7      | Bought a pair of jewelled gloves for 228 gold pieces
  8579 | D:7      | Identified the +0 pair of gloves of the Yeti {Harm} (You
                  | bought it in a shop on level 7 of the Dungeon)
  9449 | D:8      | Found a staircase to the Lair.
  9704 | D:8      | Found Ygrag's Antique Weapon Shoppe.
  9707 | D:8      | Bought a runed demon blade for 414 gold pieces
  9736 | D:8      | Noticed a two-headed ogre
  9747 | D:7      | Killed a two-headed ogre
  9748 | D:7      | Reached skill level 5 in Fighting
  9748 | D:7      | Reached skill level 8 in Spellcasting
 10549 | D:8      | Noticed Gastronok
 10588 | D:8      | Killed Gastronok
 10589 | D:8      | Gained mutation: You have claws for hands. [demonic
                  | ancestry]
 10589 | D:8      | Reached XP level 10. HP: 46/76 MP: 7/22
 11191 | D:9      | Found a flagged portal.
 11209 | Bailey   | Entered a bailey
 11302 | Bailey   | Reached skill level 9 in Spellcasting
 11666 | Bailey   | Acquired the scarf "Jonocuto" {repulsion, rPois rCorr Str-5
                  | Dex+3}
 12018 | D:9      | Found a staircase to the Orcish Mines.
 12071 | D:9      | Found a stormy altar of Qazlal.
 12074 | D:9      | Found a snail-covered altar of Cheibriados.
 12074 | D:9      | Found a hide-covered altar of Uskayaw.
 12348 | D:10     | Entered Level 10 of the Dungeon
 12428 | D:10     | Learned a level 5 spell: Summon Forest
 12509 | D:10     | Reached skill level 1 in Summonings
 12649 | D:10     | Gained mutation: Your demonic aura often causes spilled
                  | blood to erupt in flames. [demonic ancestry]
 12649 | D:10     | Reached XP level 11. HP: 83/83 MP: 16/24
 12858 | D:10     | Reached skill level 10 in Spellcasting
 13586 | D:11     | Noticed a purple ugly thing
 13594 | D:11     | Killed a purple ugly thing
 13657 | D:11     | Found a runed translucent door.
 13660 | D:11     | Noticed What's ghost (journeyman DsGl)
 13756 | D:11     | Noticed a two-headed ogre
 13761 | D:11     | Killed a two-headed ogre
 13859 | D:11     | Noticed a boulder beetle
 13878 | D:11     | Killed a boulder beetle
 13879 | D:11     | Reached skill level 10 in Necromancy
 14243 | Orc:1    | Entered Level 1 of the Orcish Mines
 14329 | Orc:2    | Entered Level 2 of the Orcish Mines
 14364 | Orc:2    | Noticed an orc knight
 14366 | Orc:2    | Noticed an orc warlord
 14368 | Orc:2    | Noticed an orc high priest
 14368 | Orc:2    | Noticed an orc sorcerer
 14372 | Orc:2    | Noticed a soul eater
 14801 | Orc:1    | Killed an orc knight
 14884 | Orc:1    | Noticed a soul eater
 14884 | Orc:1    | Killed an orc high priest
 15040 | Orc:2    | Paralysed by an orc sorcerer for 2 turns
 15268 | Orc:1    | Killed an orc sorcerer
 15269 | Orc:1    | Reached skill level 11 in Spellcasting
 15475 | Orc:2    | Found Rigiopn's Antique Armour Boutique.
 15476 | Orc:2    | Noticed an orc knight
 15476 | Orc:2    | Noticed an orc high priest
 15714 | Orc:2    | Killed an orc knight
 15835 | Orc:2    | Found Nitteil's Antique Weapon Emporium.
 15886 | Orc:2    | Found a staircase to the Elven Halls.
 15965 | Orc:2    | Found Odahis's Jewellery Emporium.
 15965 | Orc:2    | Noticed an orc sorcerer
 15966 | Orc:2    | Noticed a sun demon
 15968 | Orc:2    | Killed an orc sorcerer
 15969 | Orc:2    | Gained mutation: You have a tail ending in a sharp stinger.
                  | [demonic ancestry]
 15969 | Orc:2    | Reached XP level 12. HP: 92/92 MP: 27/27
 16199 | Orc:2    | Killed an orc warlord
 16356 | Orc:2    | Killed an orc high priest
 16462 | Orc:2    | Found Alutymn's General Store.
 16557 | Orc:2    | Bought a potion of curing for 48 gold pieces
 16557 | Orc:2    | Bought a potion of degeneration for 16 gold pieces
 16557 | Orc:2    | Bought 2 potions of mutation for 256 gold pieces
 16557 | Orc:2    | Bought a phantom mirror for 640 gold pieces
 16722 | Orc:1    | Noticed an orc warlord
 16731 | Orc:2    | Reached skill level 5 in Summonings
 17533 | Orc:1    | Noticed an orc warlord
 17996 | Orc:2    | Reached skill level 12 in Spellcasting
 18144 | Orc:2    | Killed an orc warlord
 18712 | Orc:1    | Noticed an ettin
 18743 | Orc:2    | Killed an ettin
 19130 | Orc:2    | HP: 1/94 [orc warrior/+2 heavy trident[an orc warlord]
                  | (33)]
 19650 | D:6      | Bought a scroll of enchant weapon for 105 gold pieces
 19650 | D:6      | Bought a scroll of enchant weapon for 105 gold pieces
 19650 | D:6      | Bought a scroll of poison for 56 gold pieces
 19650 | D:6      | Bought a scroll of magic mapping for 105 gold pieces
 19650 | D:6      | Bought a scroll of immolation for 56 gold pieces
 19650 | D:6      | Bought a scroll of identify for 28 gold pieces
 19696 | D:5      | Bought a potion of haste for 130 gold pieces
 19696 | D:5      | Bought a potion of mutation for 104 gold pieces
 19696 | D:5      | Bought a potion of brilliance for 52 gold pieces
 19729 | D:3      | Bought a potion of curing for 42 gold pieces
 19729 | D:3      | Bought a potion of heal wounds for 70 gold pieces
 19729 | D:3      | Bought a potion of heal wounds for 70 gold pieces
 19729 | D:3      | Bought a potion of lignification for 42 gold pieces
 19729 | D:3      | Bought 2 potions of curing for 84 gold pieces
 19729 | D:3      | Bought 2 potions of curing for 84 gold pieces
 19857 | Lair:1   | Entered Level 1 of the Lair of Beasts
 20165 | Lair:1   | Gained mutation: You have hoof-like feet. [demonic
                  | ancestry]
 20165 | Lair:1   | Reached XP level 13. HP: 101/101 MP: 28/29
 20292 | Lair:1   | Found a frozen archway.
 20301 | Lair:1   | Mangled by an ice devil

Illustrated notes

Levels and vault maps discovered:
D:1:      onia_arrival_pentagram, layout_rooms, dk_noncrumbling_2, minmay_tall_x
D:2:      layout_loops_ring, minmay_cupped, uniq_crazy_yiuf_cottage,
          uniq_jessica, uniq_natasha, uniq_robin
D:3:      layout_rooms, serial_shops, nicolae_square_shop, minmay_crystal_room,
          uniq_ijyb
D:4:      black_bear_nest_1, layout_loops_ring, gammafunk_ghost_stat_death
D:5:      layout_rooms, minmay_temple_entry_junction_2, serial_shops, shop
D:6:      layout_basic, serial_shops, kennysheep_little_box, shop_coins,
          nicolae_hexahallways, kennysheep_generic_room_5
D:7:      layout_loops_corners, vehumet_statue, serial_shops,
          nicolae_shop_crystal
D:8:      layout_cave_pods, dpeg_oklobed_lair, serial_shops,
          kennysheep_mini_moat, minmay_gold_behind_fungi, uniq_gastronok
D:9:      layout_long_grid, nicolae_overflow_hallway_of_the_gods,
          hiddenorc1_lemuel, enter_bailey_5
D:10:     layout_stronghold, nicolae_two_hexagons
D:11:     layout_roguey [special_room_orc], ebering_ghost_reflecting_pool
Temple:   regret_index_temple_sphere_string
Lair:1:   cheibrodos_lair_river_kwai, layout_chaotic_city,
          portal_ice_cave_demonic_guard, cheibrodos_lair_lostbears, uniq_amaemon
Orc:1:    layout_caves, serial_shops, shop, trog_butcher_becter
Orc:2:    grunt_orc_gardens, layout_caves, grunt_orc_garden, grunt_orc_garden,
          grunt_orc_garden, grunt_orc_garden, nicolae_orc_rockfall

Skill      XL: |  1  2  3  4  5  6  7  8  9 10 11 12 |
---------------+-------------------------------------+-----
Stealth        | 2 3 |  3.8
Dodging        | 2 3 4 5 6 7 8 9 |  9.4
Necromancy     | 5 6 7 8 9 10 | 10.9
Spellcasting   | 3 5 6 8 9 11 12 | 12.7
Fighting       | 2 3 5 6 8 9 |  9.3
Summonings     | 1 4 6 |  6.3

Action                     |  1- 3 |  4- 6 |  7- 9 | 10-12 | 13-15 || total
---------------------------+-------+-------+-------+-------+-------++-------
  Melee: Short sword       |    49 |    36 |    31 |       |       ||   116
         Kick              |       |    13 |    26 |    12 |       ||    51
         Tailslap          |       |     4 |    10 |    31 |     3 ||    48
         Punch             |       |       |     1 |     4 |       ||     5
         Dagger            |       |       |    56 |       |       ||    56
         Demon blade       |       |       |     8 |   148 |    10 ||   166
   Cast: Necrotise         |    60 |    78 |   122 |   118 |     1 ||   379
         Vampiric Draining |       |     7 |    71 |   329 |     3 ||   410
         Stone Arrow       |       |       |    21 |       |     1 ||    22
         Agony             |       |       |     8 |     9 |     3 ||    20
  Evoke: Wand              |       |       |     1 |     1 |       ||     2
         Phantom mirror    |       |       |       |     1 |       ||     1
    Use: Potion            |     1 |     1 |     5 |     1 |       ||     8
         Scroll            |       |       |    13 |    16 |       ||    29
   Stab: Sleeping          |     2 |     1 |     1 |     1 |       ||     5
         Paralysed         |       |     2 |    12 |    36 |       ||    50
 Armour: Robe              |    13 |    11 |    12 |    66 |     3 ||   105
  Dodge: Dodged            |    49 |    32 |   101 |   450 |    11 ||   643
         Repelled          |       |       |       |     3 |       ||     3

Table legend: (Time is in decaauts)
 A = Elapsed time spent in this place.
 B = Non-inter-level travel time spent in this place.
 C = Inter-level travel time spent in this place.
 D = Time resting spent in this place.
 E = Time spent auto-exploring this place.
 F = Levels seen in this place.
 G = Mean time per level.
                   A        B        C        D        E       F      G
               +--------+--------+--------+--------+--------+-----+--------+
         Total |  20773 |  19416 |   1357 |   4936 |  11575 |  16 | 1298.3 |
       Dungeon |  14120 |  12937 |   1183 |   1355 |   9769 |  11 | 1283.6 |
        Temple |    221 |    171 |     50 |      0 |    156 |   1 |  221.0 |
          Lair |    475 |    444 |     31 |      5 |    196 |   1 |  475.0 |
  Orcish Mines |   5462 |   5370 |     92 |   3576 |   1107 |   2 | 2731.0 |
        Bailey |    493 |    493 |      0 |      0 |    346 |   1 |  493.0 |
               +--------+--------+--------+--------+--------+-----+--------+

Top non-repeatable levels by time:
   Orc:2: 3652 daAuts
     D:7: 2296 daAuts
     D:8: 1914 daAuts
   Orc:1: 1809 daAuts
     D:4: 1736 daAuts
     D:6: 1632 daAuts
     D:1: 1006 daAuts
     D:2: 1005 daAuts
    D:10: 975 daAuts
     D:9: 961 daAuts
     D:5: 956 daAuts
    D:11: 947 daAuts
     D:3: 686 daAuts
  Bailey: 493 daAuts
  Lair:1: 475 daAuts
